 Dungeon Crawl Stone Soup version 0.28.0-45-g0d030f2227 (webtiles) character file.

Game seed: 1485086412581812138

46 seaoflcl the Covered (level 3, -1/43 HPs)
             Began as a Human Fighter on Apr 25, 2022.
             Slain by a goblin
             ... wielding a +0 club
             ... led by Robin
              (3 damage)
             ... on level 2 of the Dungeon.
             The game lasted 00:00:56 (1029 turns).

seaoflcl the Covered (Human Fighter)                Turns: 1029, Time: 00:00:57

Health: -1/43      AC:  6    Str: 18    XL:     3   Next: 95%
Magic:  3/3        EV:  9    Int:  8    God:
Gold:   93         SH:  4    Dex: 12    Spells: 2/2 levels left

rFire   . . .      SeeInvis .   a - +0 long sword
rCold   . . .      Faith    .   c - +0 buckler
rNeg    . . .      Spirit   .   b - +0 scale mail
rPois   .          Reflect  .   f - +0 hat
rElec   .          Harm     .   (no cloak)
rCorr   .          Rampage  .   (no gloves)
Will    .....                   (no boots)
Stlth   ..........              (no amulet)
HPRegen 0.14/turn               (no ring)
MPRegen 0.08/turn               (no ring)

@: berserking, attractive, very quick
A: no striking features
a: no special abilities


You were on level 2 of the Dungeon.
You visited 1 branch of the dungeon, and saw 2 of its levels.

You collected 93 gold pieces.

Inventory:

Hand Weapons
 a - a +0 long sword (weapon)
Armour
 b - a +0 scale mail (worn)
 c - a +0 buckler (worn)
 f - a +0 hat (worn)
Jewellery
 h - a +6 ring of intelligence
Scrolls
 j - a scroll of torment {unknown}
Potions
 d - a potion of might
 i - a potion of ambrosia {unknown}


   Skills:
 + Level 3.4 Fighting
 + Level 2.6 Long Blades
 + Level 3.4 Armour
 + Level 3.4 Shields


You had 2 spell levels left.
You didn't know any spells.
Your spell library contained the following spells:

 Spells                   Type           Power      Damage    Failure   Level
 Portal Projectile        Hex/Tloc       0%         N/A       99%         3
 Blade Hands              Tmut           0%         N/A       100%        5
 Excruciating Wounds      Necr           0%         N/A       100%        5


Dungeon Overview and Level Annotations

Branches:
Dungeon (2/15)

Altars:

Annotations:
D:2 Robin


Message History

The hobgoblin barely misses you. Robin throws the goblin at you!
Things that are here:
a +0 dagger; a goblin corpse You barely miss the goblin.
The goblin closely misses you. The hobgoblin closely misses you.
The hobgoblin barely misses you. You block the goblin's attack.
You slash the goblin!
You kill the goblin!
You block the hobgoblin's attack. Robin throws the goblin at you!
The goblin hits you but does no damage. You block the hobgoblin's attack.
Things that are here:
a +0 dagger; a goblin corpse You hit the goblin but do no damage.
The hobgoblin no longer looks unusually strong. x2
The goblin closely misses you. The hobgoblin barely misses you. x2
The goblin hits you with a +0 club.
Robin roars a battlecry!
The hobgoblin goes into a battle-frenzy!
You closely miss the goblin.
The goblin no longer looks unusually strong.
The hobgoblin hits you but does no damage.
The goblin hits you with a +0 club. The hobgoblin hits you.
The goblin hits you but does no damage. The hobgoblin hits you.
* * * LOW HITPOINT WARNING * * *
The goblin misses you. The hobgoblin hits you.
* * * LOW HITPOINT WARNING * * *
It was a potion of attraction.
You feel attractive to monsters.
You block the goblin's attack. x2; You block the hobgoblin's attack.
The hobgoblin hits you.
* * * LOW HITPOINT WARNING * * *
It was a potion of berserk rage.
A red film seems to cover your vision as you go berserk!
You feel yourself moving faster!
You feel mighty!
The goblin no longer looks unusually strong.
The hobgoblin no longer looks unusually strong.
The goblin no longer looks unusually strong.
The goblin hits you with a +0 club.
You die...

# # #
###############
#.............#
##
#.###########.#
.# #.#
#.#####g##.###
#.#########
#..g@ggJ......
†.........#
####ggg)......
..........#
#g........B
..†.......#
#..........
..........#
#..........
..........#
#..........
..........#
#......=...
..........#
#......>...
..........#


You could see Robin, an endoplasm, 3 hobgoblins and 4 goblins.

Vanquished Creatures
  An adder (D:2)
  A worm (D:2)
  A dart slug (D:1)
  5 bats
  An endoplasm (D:1)
  2 giant cockroaches (D:1)
  6 goblins
  2 hobgoblins
  A quokka (D:1)
  3 ball pythons
  2 frilled lizards
  2 kobolds
  4 rats
31 creatures vanquished.

Notes
Turn   | Place    | Note
-------+----------+-------------------------------------------
     0 | D:1      | seaoflcl the Human Fighter began the quest for the Orb.
     0 | D:1      | Reached XP level 1. HP: 18/18 MP: 1/1
   232 | D:1      | Reached XP level 2. HP: 24/24 MP: 2/2
   522 | D:1      | Reached XP level 3. HP: 29/29 MP: 3/3
  1010 | D:2      | Noticed Robin
  1028 | D:2      | HP: 1/29 [hobgoblin[Robin] (5)]
  1029 | D:2      | Slain by a goblin

Illustrated notes

Levels and vault maps discovered:
D:1:      dpeg_arrival_three_bigger_balls, layout_loops_ring, nrook_campfire,
          st_stairs_7
D:2:      layout_basic, uniq_robin, uniq_natasha

Action                   || total
-------------------------++-------
Melee: Long sword        ||   103
  Use: Potion            ||     2
Armor: Scale mail        ||    63
Dodge: Dodged            ||    59
Block: Buckler           ||    29
